 Dungeon Crawl Stone Soup version 0.27-a0-1188-g73eefd5def (webtiles) character file.

Game seed: 6846472703790436174

9 leviel the Skirmisher (level 2, -1/27 HPs)
             Began as a Hill Orc Abyssal Knight on May 21, 2021.
             Was a Follower of Lugonu.
             Frozen to death by an endoplasm (3 damage)
             ... on level 1 of the Dungeon.
             The game lasted 00:00:50 (154 turns).

leviel the Skirmisher (Hill Orc Abyssal Knight)      Turns: 154, Time: 00:00:51

Health: -1/27      AC:  3    Str: 14    XL:     2   Next: 12%
Magic:  3/3        EV: 11    Int: 12    God:    Lugonu [*.....]
Gold:   10         SH:  0    Dex: 10    Spells: 1/1 levels left

rFire    + . .     SeeInvis .   a - +1 falchion
rCold    . . .     Faith    .   (no shield)
rNeg     . . .     Spirit   .   b - +0 leather armour
rPois    .         Reflect  .   (no helmet)
rElec    .         Harm     .   (no cloak)
rCorr    .         Rampage  .   (no gloves)
Will     .....                  (no boots)
Stlth    +.........             (no amulet)
HPRegen  0.09/turn              (no ring)
MPRegen  0.08/turn              (no ring)

@: no status effects
A: fire resistance 1
a: Renounce Religion, Depart the Abyss


You were on level 1 of the Dungeon.
You worshipped Lugonu.
Lugonu was aware of your devotion.
You visited 1 branch of the dungeon, and saw 1 of its levels.
You visited the Abyss 1 time.

You collected 10 gold pieces.

Inventory:

Hand Weapons
 a - a +1 falchion (weapon)
Armour
 b - a +0 leather armour (worn)


   Skills:
 + Level 4.1 Fighting
 + Level 2.3 Long Blades
 + Level 2.3 Armour
 + Level 0.7 Dodging
 + Level 2.4 Invocations


You had one spell level left.
You didn't know any spells.
Your spell library was empty.

Dungeon Overview and Level Annotations

Branches:
Dungeon (1/15)

Altars:


Innate Abilities, Weirdness & Mutations

Your flesh is heat resistant. (rF+)


Message History

The goblin hits you but does no damage.
You hit the goblin.
The goblin is heavily wounded.
The bat barely misses you.
You riposte.
You hit the bat.
You kill the bat!
Lugonu accepts your kill. The goblin barely misses you.
You barely miss the goblin.
The goblin is heavily wounded.
The goblin hits you but does no damage.
You slash the goblin!
You kill the goblin!
Lugonu accepts your kill.
You can now depart the Abyss.
Your Fighting skill increases to level 4!
You have reached level 2!
You closely miss the kobold. The kobold hits you with a +0 club.
* * * LOW HITPOINT WARNING * * *
The kobold completely misses you.
You riposte.
You barely miss the kobold. You closely miss the kobold.
The kobold completely misses you.
You riposte.
You hit the kobold.
You kill the kobold!
Lugonu accepts your kill. The rat misses you.
You riposte.
You hit the rat.
You kill the rat!
Lugonu accepts your kill.
The endoplasm hits you but does no damage.
Items here: ( )) ††.
The endoplasm freezes you.
You are frozen.
* * * LOW HITPOINT WARNING * * *
You hit the endoplasm.
The endoplasm is lightly wounded.
The endoplasm barely misses you.
The endoplasm hits you but does no damage.
Unknown command.
You hit the endoplasm.
The endoplasm is heavily wounded.
The endoplasm freezes you.
You are frozen.
You die...

#≈P8P.P8P≈#
#≈P...P≈# ....
##≈P.<.♣≈# ....
#≈P8P≈♣8♣ .....
##≈P≈≈≈♣≈##.....
##≈#.#≈##......
####.###.......
#....J##.......
#...#@).†......
#.rh####..##...
#.gK# ..# .......
...#
..........$.!.#
.................
..##!......######.
. #.#...#.# ..
#.#...#.#


You could see an endoplasm.

Vanquished Creatures
  A bat (D:1)
  An endoplasm (D:1)
  A goblin (D:1)
  2 jackals (D:1)
  A kobold (D:1)
  A rat (D:1)
7 creatures vanquished.

Notes
Turn   | Place    | Note
-------+----------+-------------------------------------------
     0 | Abyss:1  | leviel the Hill Orc Abyssal Knight began the quest for the
                  | Orb.
     0 | Abyss:1  | Reached XP level 1. HP: 19/19 MP: 2/2
    51 | Abyss:1  | Noticed a green draconian stormcaller
    80 | Abyss:1  | Noticed a neqoxec
    92 | Abyss:1  | Gained mutation: Your flesh is heat resistant. (rF+) [a
                  | neqoxec]
   107 | D:1      | Escaped the Abyss
   148 | D:1      | Reached * piety under Lugonu
   149 | D:1      | Reached skill level 4 in Fighting
   149 | D:1      | Reached XP level 2. HP: 6/27 MP: 3/3
   154 | D:1      | Frozen to death by an endoplasm

Illustrated notes

Levels and vault maps discovered:
D:1:      ldierk_walled_garden_2, layout_loops_cross,
          hellmonk_ecumenical_altar_arch_garden

Skill      XL: |  1 |
---------------+----+-----
Fighting       | 4 |  4.1
Long Blades    | |  2.3
Armour         | |  2.3
Dodging        | |  0.7
Invocations    | |  2.4

Action                   || total
-------------------------++-------
Melee: Falchion          ||    21
Invok: Depart the Abyss  ||     1
Armor: Leather armour    ||    16
Dodge: Dodged            ||    24
       Rpst.: Falchion   ||     5

Table legend: (Time is in decaauts)
 A = Elapsed time spent in this place.
 B = Non-inter-level travel time spent in this place.
 C = Inter-level travel time spent in this place.
 D = Time resting spent in this place.
 E = Time spent auto-exploring this place.
 F = Levels seen in this place.
 G = Mean time per level.
                   A        B        C        D        E       F      G
               +--------+--------+--------+--------+--------+-----+--------+
         Total |    158 |    158 |      0 |      0 |     66 |   2 |   79.0 |
       Dungeon |     51 |     51 |      0 |      0 |     15 |   1 |   51.0 |
         Abyss |    107 |    107 |      0 |      0 |     51 |   1 |  107.0 |
               +--------+--------+--------+--------+--------+-----+--------+

Top non-repeatable levels by time:
 Abyss:1: 107 daAuts
     D:1: 51 daAuts
